 Dungeon Crawl Stone Soup version 0.30-a0-847-g17996783a1 (webtiles) character file.

Game seed: 18094689392247575906

6486 Pimp the Protected (level 10, -3/96 (97) HPs)
             Began as an Armataur Fighter on Mar 3, 2023.
             Was a Believer of Okawaru.
             Succumbed to a killer bee's poison
             ... on level 8 of the Dungeon.
             The game lasted 00:08:44 (3187 turns).

Pimp the Protected (Armataur Fighter)               Turns: 3187, Time: 00:08:44

HP:   -3/96 (97)    AC: 10    Str: 20 (26) XL:     10   Next: 68%
MP:   4/10          EV:  7    Int:  6 (8)  God:    Okawaru [**....]
Gold: 213           SH:  8    Dex:  8 (10) Spells: 9/9 levels left

rFire   + . .      SeeInvis .    a - +1 war axe
rCold   + . .      Faith    .    c - +2 buckler
rNeg    . . .      Spirit   .    b - +0 scale mail
rPois   .          Reflect  .    (no helmet)
rElec   .          Roll     +    q - scarf {rC+ rF+}
rCorr   .                        e - +0 pair of gloves
Will    .....                    (no barding) Stlth
                                 (no amulet)
HPRegen 0.36/turn                (no ring)
MPRegen 0.12/turn                (no ring)

@: lethally poisoned (-3 -> -25), lightly drained
A: large, rugged brown scales 3, deformed body, armoured tail, roll, long
tongue, awkward tongue
a: Renounce Religion, Heroism


You were on level 8 of the Dungeon.
You worshipped Okawaru.
Okawaru was pleased with you.
You visited 1 branch of the dungeon, and saw 6 of its levels.

You collected 213 gold pieces.

Inventory:

Hand Weapons
 a - a +1 war axe (weapon)
 f - the +5 sling "Pyith" {antimagic, rElec rCorr}
   (You found it on level 2 of the Dungeon)

   rElec:     It insulates you from electricity.
   rCorr:     It protects you from acid and corrosion.
Missiles
 g - 28 stones (quivered)
Armour
 b - a +0 scale mail (worn)
 c - a +2 buckler (worn)
 e - a +0 pair of gloves (worn)
 q - a scarf of resistance (worn)
Jewellery
 k - a ring of see invisible
 p - an amulet of magic regeneration
Wands
 h - a wand of mindburst (15)
Scrolls
 m - a scroll of immolation {unknown}
 n - a scroll of poison
 t - a scroll of identify
Potions
 d - 5 potions of might


   Skills:
 + Level 9.1 Fighting
 + Level 9.9 Axes
 + Level 11.7 Armour
 + Level 10.8 Shields


You had 9 spell levels left.
You didn't know any spells.
Your spell library contained the following spells:

 Spells                   Type           Power      Damage    Failure   Level
 Blink                    Tloc           0%         N/A       89%         2
 Lesser Beckoning         Tloc           0%         N/A       89%         2
 Momentum Strike          Conj/Tloc      0%         3d8       89%         2


Dungeon Overview and Level Annotations

Branches:
Dungeon (5/15)
 Temple: D:4-7

Altars:
Fedhas
Okawaru

Shops:
D:1 *

Annotations:
D:3 2 transporters


Innate Abilities, Weirdness & Mutations

You are completely covered in rugged brown scales. (AC +3, +7% HP)
Armour fits poorly on your strangely shaped body.
You have a long armoured tail.
You roll when moving toward enemies. (Rampage)
Your long tongue fully drains potion bottles. (2x potion effects)
Your tongue gives you trouble enunciating. (1.5x scroll delay)


Message History

The killer bee stings you but does no damage.
The killer bee barely misses you. The killer bee closely misses you.
The killer bee stings you.
You are more poisoned.
The killer bee poisons you! The killer bee stings you. x2
The killer bee stings you but does no damage. x3
As you slowly read the scroll labelled DUS LYEVYBI, it crumbles to dust.
It is a scroll of enchant weapon.
Your +0 war axe glows red for a moment.
You feel extremely sick. The killer bee closely misses you.
You block the killer bee's attack. The killer bee stings you.
* * * LOW HITPOINT WARNING * * *
The killer bee stings you.
* * * LOW HITPOINT WARNING * * *
You are lethally poisoned!
The killer bee poisons you! The killer bee stings you.
* * * LOW HITPOINT WARNING * * *
The killer bee barely misses you. The killer bee stings you.
* * * LOW HITPOINT WARNING * * *
The killer bee stings you but does no damage. x2
You slurp down every last drop of the amethyst potion!
It was a potion of degeneration.
There was something very wrong with that liquid.
You feel weakened.
You feel dopey.
You feel clumsy.
* * * LOW HITPOINT WARNING * * *
You feel very sick. The killer bee stings you.
* * * LOW HITPOINT WARNING * * *
You are more poisoned.
The killer bee poisons you!
The killer bee stings you but does no damage.
You block the killer bee's attack. The killer bee barely misses you.
The killer bee stings you.
* * * LOW HITPOINT WARNING * * *
The killer bee barely misses you.
You barely miss the killer bee.
The killer bee is heavily wounded.
You slash the killer bee! x2
You die...

... . ..# ... >#..#
.... ...#### .....
##......
.....#####......
...).........# .
........).y..##....
...)...).Ky@.....#
.........Ky....#...
.............###
......#####..#
...... ..... ......
....## ).... #.###
..... #.#


You could see a kobold brigand, 3 killer bees and a kobold.

Vanquished Creatures
  Pikel (D:4)
  Sigmund (D:4)
  A black bear (D:3)
  A centaur (D:8)
  2 lemures (D:4)
  A killer bee (D:8)
  A jelly (D:3)
  Terence (D:2)
  Robin (D:3)
  2 adders (D:2)
  2 dart slugs (D:4)
  A worm (D:2)
  2 orcs (D:4)
  4 bats (D:1)
  6 endoplasms
  3 giant cockroaches
  13 goblins
  9 hobgoblins
  6 jackals (D:3)
  2 quokkas
  11 ball pythons
  6 frilled lizards
  9 kobolds
  7 rats
93 creatures vanquished.

Vanquished Creatures (others)
  An endoplasm (D:1)
  A giant cockroach (D:1)
2 creatures vanquished.

Grand Total: 95 creatures vanquished

Notes
Turn   | Place    | Note
-------+----------+-------------------------------------------
     0 | D:1      | Pimp the Armataur Fighter began the quest for the Orb.
     0 | D:1      | Reached XP level 1. HP: 19/19 MP: 1/1
    42 | D:1      | Found Dozxiyx's Assorted Antiques.
    75 | D:1      | Reached XP level 2. HP: 26/26 MP: 2/2
   708 | D:2      | Reached skill level 4 in Armour
   727 | D:2      | Reached XP level 3. HP: 33/33 MP: 3/3
   730 | D:2      | Identified the +5 sling "Pyith" {antimagic, rElec rCorr}
   789 | D:2      | Noticed Terence
   799 | D:2      | Killed Terence
   829 | D:2      | Found an iron altar of Okawaru.
   837 | D:2      | Became a worshipper of Warmaster Okawaru
   879 | D:2      | Reached XP level 4. HP: 40/40 MP: 1/4
  1327 | D:3      | Found a transporter.
  1347 | D:3      | Noticed Robin
  1371 | D:3      | Killed Robin
  1372 | D:3      | Found a faded altar of an unknown god.
  1558 | D:3      | Found a transporter.
  1911 | D:3      | Noticed a black bear
  1936 | D:3      | Killed a black bear
  1937 | D:3      | Reached XP level 5. HP: 31/49 MP: 1/5
  2016 | D:3      | Reached skill level 5 in Armour
  2171 | D:4      | Noticed Sigmund
  2225 | D:3      | Reached * piety under Okawaru
  2302 | D:4      | Killed Sigmund
  2303 | D:4      | Reached XP level 6. HP: 45/55 MP: 1/6
  2434 | D:4      | Noticed Pikel
  2444 | D:4      | Reached skill level 9 in Armour
  2444 | D:4      | Reached XP level 7. HP: 15/70 MP: 7/7
  2444 | D:4      | Reached XP level 8. HP: 17/78 MP: 8/8
  2452 | D:4      | Reached skill level 11 in Armour
  2452 | D:4      | Reached skill level 10 in Shields
  2452 | D:4      | Reached XP level 9. HP: 79/88 MP: 9/9
  2452 | D:4      | Reached XP level 10. HP: 87/97 MP: 10/10
  2458 | D:4      | Killed Pikel
  2458 | D:4      | Reached ** piety under Okawaru
  2680 | D:4      | Found a blossoming altar of Fedhas.
  3118 | D:5      | Entered Level 5 of the Dungeon
  3122 | D:5      | You fall into a shaft and drop 3 floors!
  3153 | D:8      | Noticed a manticore
  3186 | D:8      | HP: 2/96 [killer bee (4)]
  3187 | D:8      | Succumbed to a killer bee's poison

Illustrated notes

Levels and vault maps discovered:
D:1:      reono_arrival_mine, layout_rooms, serial_shops, shop,
          lemuel_flame_loot_1
D:2:      layout_loops_ring, basic_altar, uniq_terence
D:3:      gammafunk_steamed_eel, layout_rooms, basic_ecumenical_altar,
          hex_large, minmay_misc_feat_more_columns, hangedman_feature_mirror,
          corner_web_ring, uniq_robin
D:4:      layout_loops_ring, mainiacjoe_overflow_six_doors_small, uniq_sigmund,
          uniq_pikel
D:5:      layout_basic, mainiacjoe_overflow_boulevard, minivault_19
D:8:      layout_rooms, nicolae_vehumet_radiance, uniq_grum

Skill      XL: |  1  2  3  4  5  6  7  8 |
---------------+-------------------------+-----
Armour         | 4 5 9 11 | 11.7
Fighting       | 3 4 7 9 |  9.1
Axes           | 2 3 8 9 |  9.9
Shields        | 4 9 10 | 10.8

Action                     |  1- 3 |  4- 6 |  7- 9 | 10-12 || total
---------------------------+-------+-------+-------+-------++-------
  Melee: War axe           |    57 |    91 |     6 |    39 ||   193
         Tailslap          |     2 |     9 |     2 |       ||    13
   Fire: Sling             |    19 |    24 |       |     6 ||    49
    Use: Scroll            |     3 |       |       |     5 ||     8
         Potion            |       |     3 |     2 |     2 ||     7
 Armour: Scale mail        |    43 |    58 |     3 |    31 ||   135
  Dodge: Dodged            |    44 |    60 |     4 |    18 ||   126
  Block: Buckler           |    14 |    28 |     1 |    15 ||    58

Table legend: (Time is in decaauts)
 A = Elapsed time spent in this place.
 B = Non-inter-level travel time spent in this place.
 C = Inter-level travel time spent in this place.
 D = Time resting spent in this place.
 E = Time spent auto-exploring this place.
 F = Levels seen in this place.
 G = Mean time per level.
                   A        B        C        D        E       F      G
               +--------+--------+--------+--------+--------+-----+--------+
         Total |   3271 |   3173 |     98 |    626 |   1797 |   6 |  545.2 |
       Dungeon |   3271 |   3173 |     98 |    626 |   1797 |   6 |  545.2 |
               +--------+--------+--------+--------+--------+-----+--------+

Top non-repeatable levels by time:
     D:3: 1029 daAuts
     D:4: 849 daAuts
     D:2: 679 daAuts
     D:1: 639 daAuts
     D:8: 69 daAuts
     D:5: 3 daAuts
